 Dungeon Crawl Stone Soup version 0.21.1-1-g345015f (webtiles) character file.

31 Anonimus the Shield-Bearer (level 3, -2/35 HPs)
             Began as a Gnoll Fighter on Mar 11, 2018.
             Killed from afar by Sigmund (6 damage)
             ... with a magic dart
             ... on level 2 of the Dungeon.
             The game lasted 00:01:41 (606 turns).

Anonimus the Shield-Bearer (Gnoll Fighter)           Turns: 606, Time: 00:01:41

Health: -2/35      AC:  7    Str: 18 (19) XL:     3   Next: 22%
Magic:  3/3        EV:  8    Int:  7 (10) God:
Gold:   70         SH:  0    Dex: 13 (14) Spells: 3/3 levels left

rFire    . . .     SeeInvis .   a - +0 war axe
rCold    . . .     Gourm    .   c - +0 shield
rNeg     . . .     Faith    .   b - +0 scale mail
rPois    .         Spirit   .   (no helmet)
rElec    .         Reflect  .   (no cloak)
rCorr    .         Harm     .   (no gloves)
MR       .....                  (no boots)
Stlth    ..........             (no amulet)
HPRegen  0.11/turn              (no ring)
MPRegen  0.08/turn              (no ring)

@: confused, hasted, very quick
A: distributed training, fangs 1, strong nose
a: no special abilities


You were on level 2 of the Dungeon.
You were not hungry.

You visited 1 branch of the dungeon, and saw 2 of its levels.

You collected 70 gold pieces.

Inventory:

Hand Weapons
 a - a +0 war axe (weapon)
Armour
 b - a +0 scale mail (worn)
 c - a +0 shield (worn)
Jewellery
 e - an uncursed ring of wizardry {unknown}
Scrolls
 h - a scroll of identify {unknown}
 i - a scroll of random uselessness {unknown}
Potions
 d - a potion of might
 j - a potion of degeneration
Comestibles
 f - 3 rations
 g - 3 chunks of flesh


   Skills:
 + Level 6.5 Fighting
 + Level 0.6 Short Blades
 + Level 0.6 Long Blades
 + Level 4.5 Axes
 + Level 0.6 Maces & Flails
 + Level 0.6 Polearms
 + Level 0.6 Staves
 + Level 0.6 Slings
 + Level 0.6 Bows
 + Level 0.6 Crossbows
 + Level 0.6 Throwing
 + Level 6.5 Armour
 + Level 0.6 Dodging
 + Level 0.6 Stealth
 + Level 6.5 Shields
 + Level 0.6 Unarmed Combat
 + Level 0.6 Spellcasting
 + Level 0.4 Conjurations
 + Level 0.4 Hexes
 + Level 0.4 Charms
 + Level 0.4 Summonings
 + Level 0.4 Necromancy
 + Level 0.4 Translocations
 + Level 0.4 Transmutations
 + Level 0.4 Fire Magic
 + Level 0.4 Ice Magic
 + Level 0.4 Air Magic
 + Level 0.4 Earth Magic
 + Level 0.4 Poison Magic
 + Level 0.8 Invocations
 + Level 0.6 Evocations


You had 3 spell levels left.
You didn't know any spells.

Dungeon Overview and Level Annotations

Branches:
Dungeon (2/15)

Altars:

Annotations:
D:2 Sigmund


Innate Abilities, Weirdness & Mutations

Your experience applies equally to all skills.
You have very sharp teeth.
Your uncanny sense of smell can sniff out nearby items.


Message History

It was a potion of haste.
You feel yourself speed up. You block something's attack.
You closely miss something. Something hits you but does no damage.
You miss something. You bite something. You miss something.
Something hits you but does no damage.
You closely miss something. Your bite misses something.
You barely miss something.
You hear some strange, mumbled words.
A puff of flame appears from out of thin air!
The puff of flame hits you!
* * * LOW HITPOINT WARNING * * *
You barely miss something. Something hits you but does no damage.
You hit something. You slash something! You bite something.
Something hits you but does no damage.
You miss something.
You hear some strange, mumbled words.
You are confused.
A magic dart appears from out of thin air!
The magic dart hits you!
You die...

...#.............
..
............##.#
.. ............##
# ..
.............#.#..
..
.##..............#
..
#....<..{.......
##.......##.....
#.............##
#.=....@..#####
...........#
............#
..............
.#.....?.....
##.....#......
.............
..............


There were no monsters in sight!

Vanquished Creatures
  A worm (D:2)
  A dart slug (D:1)
  2 leopard geckos (D:1)
  2 giant cockroaches (D:1)
  3 hobgoblins (D:1)
  2 kobolds (D:1)
  A ball python (D:2)
  7 bats (D:1)
  2 frilled lizards (D:2)
  4 rats
25 creatures vanquished.

Notes
Turn   | Place    | Note
-------+----------+-------------------------------------------
     0 | D:1      | Anonimus the Gnoll Fighter began the quest for the Orb.
     0 | D:1      | Reached XP level 1. HP: 23/23 MP: 1/1
    88 | D:1      | Reached XP level 2. HP: 29/29 MP: 2/2
   372 | D:1      | Reached XP level 3. HP: 35/35 MP: 3/3
   571 | D:2      | Noticed Sigmund
   606 | D:2      | Killed from afar by Sigmund

Action                   || total
-------------------------++-------
Melee: War axe           ||    67
       Bite              ||     9
  Use: Potion            ||     3
Armor: Scale mail        ||    32
Dodge: Dodged            ||    16
Block: Shield            ||    42
